 Dungeon Crawl Stone Soup version 0.24-a0-537-g2d01d4ab0a (webtiles) character file.

Game seed: 5450064365398852861

7 Gargoyl the Skirmisher (level 1, 0/19 HPs)
             Began as a Centaur Abyssal Knight on Aug 16, 2019.
             Was a Follower of Lugonu.
             Slain by a spatial maelstrom (6 damage)
             ... on level 1 of the Abyss.
             The game lasted 00:00:54 (190 turns).

Gargoyl the Skirmisher (Centaur Abyssal Knight)      Turns: 190, Time: 00:00:55

Health: 0/19       AC:  4    Str: 14    XL:     1   Next: 83%
Magic:  2/2        EV:  9    Int: 11    God:    Lugonu [*.....]
Gold:   21         SH:  0    Dex:  8    Spells: 0/0 levels left

rFire    . . .     SeeInvis .   a - +1 hand axe
rCold    . . .     Gourm    .   (no shield)
rNeg     . . .     Faith    .   b - +0 leather armour
rPois    .         Spirit   .   (no helmet)
rElec    .         Reflect  .   (no cloak)
rCorr    .         Harm     .   (no gloves)
MR       .....                  (no barding)
Stlth    ..........             (no amulet)
HPRegen  0.06/turn              (no ring)
MPRegen  0.08/turn              (no ring)

@: very quick
A: large, hooves 3, deformed body, speed 2, tough skin 3
a: Depart the Abyss, Renounce Religion


You were on level 1 of the Abyss.
You worshipped Lugonu.
Lugonu was aware of your devotion.
You were not hungry.

You visited 0 branches of the dungeon, and saw 0 of its levels.
You visited the Abyss 1 time.

You collected 21 gold pieces.

Inventory:

Hand Weapons
 a - a +1 hand axe (weapon)
Armour
 b - a +0 leather armour (worn)
Comestibles
 c - 2 rations


   Skills:
 + Level 3.3 Fighting
 + Level 1.8 Axes
 + Level 1.4 Armour
 + Level 0.6 Dodging
 + Level 2.0 Invocations


You couldn't memorise any spells.
You didn't know any spells.
Your spell library was empty.

Dungeon Overview and Level Annotations

Branches:
Dungeon (0/15)

Altars:


Innate Abilities, Weirdness & Mutations

You have hooves in place of feet.
Armour fits poorly on your strangely shaped body.
You cover ground very quickly.
You have extremely tough skin. (AC +3)


Message History

Found a scroll labeled IPHOXI SYRCH.
d - a scroll labeled IPHOXI SYRCH
There are no items here.
As you read the scroll labeled IPHOXI SYRCH, it crumbles to dust.
It is a scroll of amnesia.
You feel forgetful for a moment.
A spatial vortex comes into view.
A spatial vortex comes into view.
Found a scroll labeled WOEKLI VEATS.
A spatial maelstrom comes into view.
A spatial vortex comes into view.
An efreet comes into view.
It is wielding a +0 scimitar of flaming.
You see here a scroll labeled WOEKLI VEATS.
d - a scroll labeled WOEKLI VEATS The efreet closely misses you.
As you read the scroll labeled WOEKLI VEATS, it crumbles to dust.
It is a scroll of identify.
You don't have any unidentified items.
The spatial maelstrom hits you! Space bends around you.
You die...

#. # ... # .#.##.. #
#.. #. # ### .##.
####.## .## #.. #.#.###
#.# .. .... ...
#..#...#.##..#
#....#..#○# ..##.#.
.... #.#...#R###..
##.... .# #.....@#
#.##.##.#.....
###....v.....##.#...#..
#....##...#####.... .
#..#.....#.#..##....
#.# ##
#..###.##....##.....#
..v...............###.
..#.#vv.####.#.. #..#
....v. . #..##..#.#.#
.v#.# #..###.##. #..


You could see a spatial maelstrom, a spatial vortex and an efreet.

Vanquished Creatures
  A white imp (Abyss:1)
1 creature vanquished.

Notes
Turn   | Place    | Note
-------+----------+-------------------------------------------
     0 | Abyss:1  | Gargoyl the Centaur Abyssal Knight began the quest for the
                  | Orb.
     0 | Abyss:1  | Reached XP level 1. HP: 19/19 MP: 2/2
    35 | Abyss:1  | Noticed a wretched star
   108 | Abyss:1  | Noticed a chaos spawn
   180 | Abyss:1  | Noticed a spatial vortex
   182 | Abyss:1  | Noticed a spatial vortex
   184 | Abyss:1  | Noticed a spatial maelstrom
   186 | Abyss:1  | Noticed a spatial vortex
   188 | Abyss:1  | Noticed an efreet
   190 | Abyss:1  | Slain by a spatial maelstrom

Levels and vault maps discovered:
Abyss:1

Action                   || total
-------------------------++-------
Melee: Hand axe          ||     3
  Use: Scroll            ||     2
       Potion            ||     1
Armor: Leather armour    ||     1
Dodge: Dodged            ||     1

Table legend:
 A = Non-vault XP
 B = Vault XP
 C = Vault XP percentage of total XP
 D = Non-vault monster count
 E = Vault monster count
 F = Vault count percentage of total count
                 A         B        C        D         E       F
            +---------+---------+-------+---------+---------+-------
      Total |      10 |       0 |   0.0 |       1 |       0 |   0.0
            +---------+---------+-------+---------+---------+-------
    Abyss:1 |      10 |       0 |   0.0 |       1 |       0 |   0.0
            +---------+---------+-------+---------+---------+-------
